Map: Torches LE

Players

ManlyManMeat

  • Race: Terran Terran
  • Spawn Location: 5:00

Jorge - Winner!

  • Race: Zerg Zerg
  • League: Gold
  • Spawn Location: 1:00

VOD

Have the link to the VOD?

Description

Time

  • Played on: May 16, 2025, 7:43 a.m.
  • Length: 7:36
Show
View Real Time Build Order
Export as new Build Order

ManlyManMeat Terran 

Build Orders:  

Get SALT Encoding   

  12  0:00  SCV  
  13  0:12  SCV  
  14  0:22  Supply Depot  
  14  0:24  SCV  
  15  0:43  SCV  
  15  0:45  Barracks  
  16  0:55  SCV  
  17  1:07  Refinery, SCV  
  18  1:19  SCV  
  19  1:32  SCV  
  20  1:39  Supply Depot, Command Center  
  20  2:00  Barracks Reactor  
  20  2:06  Bunker, Orbital Command  
  20  2:20  Barracks  
  20  2:32  SCV  
  21  2:40  Marine x2  
  23  2:44  SCV  
  23  2:49  Factory  
  23  2:51  Refinery  
  24  3:06  Marine x2  
  26  3:24  Marine  
  28  3:30  Marine  
  28  3:33  Factory Tech Lab  
  29  3:36  Barracks Reactor  
  29  3:39  SCV  
  30  3:44  Orbital Command  
  29  3:51  SCV  
  30  4:03  SCV, Siege Tank  
  34  4:10  SCV  
  34  4:15  SCV  
  36  4:24  SCV  
  36  4:25  Marine x3  
  36  4:26  Marine  
  36  4:27  SCV  
  42  4:34  Starport  
  42  4:35  Siege Tank  
  42  4:36  SCV  
  46  5:03  Engineering Bay  
  46  5:06  Engineering Bay  
  46  5:39  Supply Depot  
  46  5:43  SCV x2, Marine x3  
  51  5:50  Barracks  
  51  5:53  Barracks  
  51  5:54  Barracks  
  51  5:56  Barracks  
  51  5:57  Barracks  
  51  5:58  Refinery, SCV  
  51  6:01  SCV  
  51  6:02  Supply Depot  
  53  6:06  Refinery  
  53  6:07  Siege Tank  
  53  6:09  Starport Reactor  
  53  6:10  SCV  
  53  6:11  Supply Depot x2  
  57  6:13  SCV  
  58  6:19  Marine x2  
  60  6:38  Marine x4  
  64  6:50  Siege Tank  
  64  6:51  Medivac x2  
  71  6:56  Marine x2  
  66  7:11  Marine x2  
  61  7:23  Barracks Reactor  
  61  7:24  Barracks Reactor, Barracks Tech Lab x2  
  61  7:25  Barracks Reactor  
Show
View Real Time Build Order
Export as new Build Order

Jorge Zerg - Winner!

Build Orders: Pool First 

Get SALT Encoding   

  12  0:16  Overlord  
  12  0:29  Spawning Pool  
  12  0:30  Drone  
  12  0:44  Drone x2  
  14  1:08  Drone x3  
  17  1:21  Hatchery  
  16  1:32  Drone x2  
  18  1:39  Extractor  
  17  1:42  Extractor, Zergling x2  
  17  2:04  Hatchery  
  17  2:05  Queen  
  18  2:21  Zergling x6  
  21  2:35  Drone  
  22  2:38  Drone  
  23  2:49  Drone  
  24  2:52  Lair  
  24  2:56  Drone  
  25  2:59  Drone  
  24  3:25  Zergling x4  
  24  3:26  Zergling x4  
  26  3:34  Drone x2  
  26  3:35  Drone  
  26  3:37  Drone x2  
  26  3:39  Drone  
  32  3:58  Spire  
  32  3:59  Drone  
  32  4:02  Drone x2  
  34  4:08  Overlord  
  34  4:24  Extractor  
  33  4:34  Drone x3  
  33  4:38  Overlord x2  
  36  4:45  Overseer  
  36  4:49  Zergling x6  
  36  4:52  Zergling x6  
  42  4:59  Nydus Network  
  41  5:06  Drone x2  
  43  5:35  Mutalisk x5  
  47  5:42  Zergling x6  
  56  5:45  Zergling x4  
  56  5:49  Overlord x3  
  58  6:11  Mutalisk x3  
  58  6:18  Drone  
  65  6:20  Drone  
  66  6:27  Drone x3  
  66  6:28  Extractor  
  68  6:57  Nydus Canal  
Tags
 
League
Gold
Matchup
TvZ
Opening
Pool First
Spawn Locations
Close Positions
Add a new tag
Caveats
  • Supply blocks, unpowered buildings, or Contaminate may cause inaccurate times.
  • Supply counts are checked every 10 seconds.